 Dungeon Crawl Stone Soup version 0.29-a0-233-g1125b37a9b (webtiles) character file.

Game seed: 14093541924558518654

238 PaleWalker the Shooter (level 5, -1/47 HPs)
             Began as a Minotaur Hunter on Mar 2, 2022.
             Slain by an orc wizard
             ... wielding a +0 dagger
              (3 damage)
             ... on level 3 of the Dungeon.
             The game lasted 00:06:47 (3495 turns).

PaleWalker the Shooter (Minotaur Hunter)            Turns: 3495, Time: 00:06:49

Health: -1/47      AC:  3    Str: 18    XL:     5   Next: 78%
Magic:  4/4        EV: 11    Int:  8    God:
Gold:   164        SH:  0    Dex: 11    Spells: 4/4 levels left

rFire   . . .      SeeInvis .   a - +1 shortbow
rCold   + . .      Faith    .   (shield currently unavailable)
rNeg    . . .      Spirit   .   b - +0 leather armour
rPois   .          Reflect  .   (helmet restricted)
rElec   .          Harm     .   p - scarf {+Inv}
rCorr   .          Rampage  .   (no gloves)
Will    .....                   (no boots)
Stlth   +.........              (no amulet)
HPRegen 0.15/turn               i - ring of protection from cold
MPRegen 0.09/turn               o - ring of wizardry

@: confused
A: horns 2, retaliatory headbutt
a: Evoke Invisibility


You were on level 3 of the Dungeon.
You visited 1 branch of the dungeon, and saw 4 of its levels.

You collected 164 gold pieces.

Inventory:

Hand Weapons
 a - a +1 shortbow (weapon)
Armour
 b - a +0 leather armour (worn)
 g - a +0 chain mail
 j - a +0 plate armour
 p - a scarf of invisibility (worn)
Jewellery
 i - a ring of protection from cold (left hand)
 o - a ring of wizardry (right hand)
Scrolls
 c - a scroll of brand weapon {unknown}
 d - a scroll of noise {unknown}
 f - 4 scrolls of identify {unknown}
 l - a scroll of teleportation {unknown}
 n - a scroll of summoning {unknown}
 q - a scroll of vulnerability {unknown}
 r - a scroll of fog {unknown}
 s - a scroll of silence {unknown}
 t - a scroll of blinking {unknown}
Potions
 e - 2 potions of curing
 k - a potion of cancellation {unknown}
 m - 2 potions of brilliance {unknown}
 u - a potion of ambrosia {unknown}
 v - a potion of lignification {unknown}


   Skills:
 + Level 4.6 Fighting
 * Level 6.9 Bows
 - Level 2.1 Dodging
 - Level 0.7 Stealth


You had 4 spell levels left.
You didn't know any spells.
Your spell library was empty.

Dungeon Overview and Level Annotations

Branches:
Dungeon (4/15)
 Temple: D:4-7

Altars:

Annotations:
D:4 Dowan


Innate Abilities, Weirdness & Mutations

You have a pair of horns on your head.
You reflexively headbutt those who attack you in melee.


Message History

An orc wizard appears from thin air!
Reactivating autopickup.
The orc wizard hits you with a +0 dagger.
* * * LOW HITPOINT WARNING * * *
The orc wizard points at you and mumbles some strange words.
The puff of flame hits you.
* * * LOW HITPOINT WARNING * * *
Shoot: a) +1 shortbow
Press: ? - help, Q - select action, (/) - cycle Shift-Dir - straight line, f - orc wizard
Aim: an orc wizard, wielding a +0 dagger and wearing a +0 robe (heavily wounded, 56% to hit)
You shoot an arrow.
The arrow hits the orc wizard but does no damage.
The orc wizard is heavily wounded.
The orc wizard hits you but does no damage.
Shoot: a) +1 shortbow
Press: ? - help, Q - select action, (/) - cycle Shift-Dir - straight line, f/p - orc wizard
Aim: an orc wizard, wielding a +0 dagger and wearing a +0 robe (heavily wounded, 56% to hit)
You shoot an arrow. The arrow hits the orc wizard.
The orc wizard is heavily wounded.
The orc wizard casts a spell at you.
You are confused.
Non-targeted confused shoot: a) +1 shortbow
Press: ? - help, Q - select action, (/) - cycle Dir - look around, f - activate Look: an orc wizard, wielding a +0 dagger and wearing a +0 robe (heavily wounded)
You shoot an arrow. The arrow misses the orc wizard.
The orc wizard barely misses you.
Non-targeted confused shoot: a) +1 shortbow
Press: ? - help, Q - select action, (/) - cycle Dir - look around, f - activate Look: an orc wizard, wielding a +0 dagger and wearing a +0 robe (heavily wounded)
You shoot an arrow. The orc wizard barely misses you.
The orc wizard hits you with a +0 dagger.
* * * LOW HITPOINT WARNING * * *
Unknown command.
Non-targeted confused shoot: a) +1 shortbow
Press: ? - help, Q - select action, (/) - cycle Dir - look around, f - activate Look: an orc wizard, wielding a +0 dagger and wearing a +0 robe (heavily wounded)
You shoot an arrow.
The orc wizard hits you with a +0 dagger.
You die...

........#.#.####.####.#
.##.###.#.#.# #.# #.#
.##.#.....#.# #.# #.#
.##.#.....#.## #.# #.#
###.#>.......# #.####.#
.##.#.....#..# #......#
....#.....#..# ######.#######
..#######.#..###.o).>.......#
##.######.#...##@####.#####.#
..................###.#
#.#####
......#####........(..#
###...... ..###.#
###..#..###.# #........ .##
#.# #..#..###.###.####### .#
#.# #.............# ### ##
#.# #.##.########## #.. # #.#
#.#..# #.# # #.# #.#.## #.#


You could see an orc wizard.

Vanquished Creatures
  A phantom (D:3)
  An iguana (D:4)
  6 adders
  3 worms
  4 dart slugs
  2 orcs
  4 endoplasms (D:2)
  A giant cockroach (D:1)
  2 goblins
  3 hobgoblins
  5 jackals
  6 kobolds
  2 quokkas (D:1)
  9 ball pythons
  9 bats
  5 frilled lizards
  5 rats
68 creatures vanquished.

Notes
Turn   | Place    | Note
-------+----------+-------------------------------------------
     0 | D:1      | PaleWalker the Minotaur Hunter began the quest for the Orb.
     0 | D:1      | Reached XP level 1. HP: 18/18 MP: 0/0
   221 | D:1      | Reached XP level 2. HP: 20/25 MP: 1/1
   410 | D:1      | Reached skill level 5 in Bows
   976 | D:2      | Reached XP level 3. HP: 30/31 MP: 2/2
  1126 | D:2      | Found a faded altar of an unknown god.
  1372 | D:2      | Reached XP level 4. HP: 38/38 MP: 3/3
  2112 | D:3      | Reached skill level 6 in Bows
  2640 | D:4      | Noticed a phantom
  2667 | D:3      | Killed a phantom
  2668 | D:3      | Reached XP level 5. HP: 11/47 MP: 2/4
  3112 | D:4      | HP: 1/47 [iguana (9)]
  3121 | D:4      | Noticed Dowan
  3490 | D:3      | HP: 2/47 [orc wizard/puff of flame (5)]
  3495 | D:3      | Slain by an orc wizard

Illustrated notes

Levels and vault maps discovered:
D:1:      lightli_arrival_flooded_house, layout_loops_corners
D:2:      layout_loops_ring, hellmonk_ecumenical_altar_zigzags,
          minmay_misc_feat_room
D:3:      layout_loops_ring
D:4:      layout_rooms, chequers_serial_rivers_micro_a, uniq_duvessa

Skill      XL: |  1  2  3  4 |
---------------+-------------+-----
Bows           | 5 6 |  6.9
Fighting       | 3 4 |  4.6
Dodging        | |  2.1
Stealth        | |  0.7

Action                   |  1- 3 |  4- 6 || total
-------------------------+-------+-------++-------
Melee: Shortbow          |       |     4 ||     4
 Fire: Shortbow          |   106 |   133 ||   239
 Abil: Evoke Invisibilit |       |     1 ||     1
  Use: Potion            |       |     3 ||     3
Armor: Leather armour    |    12 |    28 ||    40
Dodge: Dodged            |    19 |    58 ||    77

Table legend: (Time is in decaauts)
 A = Elapsed time spent in this place.
 B = Non-inter-level travel time spent in this place.
 C = Inter-level travel time spent in this place.
 D = Time resting spent in this place.
 E = Time spent auto-exploring this place.
 F = Levels seen in this place.
 G = Mean time per level.
                   A        B        C        D        E       F      G
               +--------+--------+--------+--------+--------+-----+--------+
         Total |   3555 |   3381 |    174 |    279 |   2595 |   4 |  888.8 |
       Dungeon |   3555 |   3381 |    174 |    279 |   2595 |   4 |  888.8 |
               +--------+--------+--------+--------+--------+-----+--------+

Top non-repeatable levels by time:
     D:3: 1514 daAuts
     D:1: 979 daAuts
     D:2: 820 daAuts
     D:4: 241 daAuts
